 Dungeon Sprint DCSS version 0.23.1 (webtiles) character file.

Game seed: 17786612483182107920

18300000 Gingerlord the Gargoyle Barricade (level 27, -8/199 HPs)
             Began as a Gargoyle Fighter on Mar 8, 2019.
             Was the Champion of Makhleb.
             Killed by the air
             ... invoked by The Meatlord
              (75 damage)
             ... in the Dungeon (Sprint VIII: "Arena of Blood").
             The game lasted 00:03:03 (183 turns).

Gingerlord the Gargoyle Barricade (Gargoyle Fighter) Turns: 183, Time: 00:03:04

Health: -8/199     AC: 34    Str: 25    XL:     27
Magic:  54/54      EV: 31    Int:  8    God:    Makhleb [******]
Gold:   0          SH:  0    Dex: 18    Spells: 80/80 levels left

rFire    . . .     SeeInvis .   k - +∞ Axe of Woe
rCold    . . .     Gourm    .   (shield currently unavailable)
rNeg     + . .     Faith    .   a - +0 scale mail
rPois    ∞         Spirit   .   (no helmet)
rElec    +         Reflect  .   (no cloak)
rCorr    .         Harm     .   (no gloves)
MR       ++...     NoTele   +   (no boots)
Stlth    ++++++++..             (no amulet)
HPRegen  0.43/turn              l - +30 ring of slaying
MPRegen  0.34/turn              m - +30 ring of slaying

@: no status effects
A: big wings, negative energy resistance 1, electricity resistance, unbreathing,
petrification resistance, rot immunity, AC +20
a: Fly, Minor Destruction, Lesser Servant of Makhleb, Major Destruction, Greater
Servant of Makhleb, Renounce Religion


You were in the Dungeon.
You worshipped Makhleb.
Makhleb was exalted by your worship.
You were not hungry.

You visited 1 branch

Inventory:

Hand Weapons
 k - the +∞ Axe of Woe (weapon)
   (You found it in the Dungeon)
Armour
 a - a +0 scale mail (worn)
 b - a +0 shield
Jewellery
 l - a +30 ring of slaying (left hand)
 m - a +30 ring of slaying (right hand)
 n - an uncursed ring of protection from fire
Scrolls
 j - a scroll of blinking
Potions
 c - a potion of might
 e - a potion of curing
 f - a potion of heal wounds
 g - a potion of haste
 h - 2 potions of magic
 i - a potion of berserk rage
Comestibles
 d - a ration


   Skills:
 O Level 27 Fighting
 O Level 27 Axes
 O Level 27 Throwing
 O Level 27 Armour
 O Level 27 Dodging
 O Level 27 Stealth
 O Level 27 Shields
 O Level 27 Unarmed Combat
 O Level 27 Spellcasting
 O Level 27 Invocations


You had 80 spell levels left.
You didn't know any spells.
Your spell library was empty.

Dungeon Overview and Level Annotations

Branches:
Dungeon (1/1)

Altars:
Makhleb

Annotations:
D The Meatlord


Innate Abilities, Weirdness & Mutations

You are resistant to torment.
Your stone body is resilient. (AC +20)
You are immune to poison.
Your large and strong wings let you fly indefinitely.
You resist negative energy. (rN+)
You are resistant to electric shocks. (rElec)
You can survive without breathing.
You are immune to petrification.
You are immune to rotting.


Message History

You see a puff of smoke.
You hear a shout! x2
You dice the meat berserker like an onion!!!
You chop the meat berserker into pieces.
You kill the meat berserker!
Makhleb accepts your kill.
You chop the bag of meat into pieces!!!
You slaughter the bag of meat joyfully.
You kill the bag of meat!
Makhleb accepts your kill.
The Meatlord gestures.
You see a puff of smoke. x2
A bag of meat comes into view. It is wielding a +9 war axe.
The bag of meat completely misses you.
The large bag of meat hits you with a +9 giant spiked club!!!
The large bag of meat hits you with a +9 giant spiked club!!!!
A bag of meat comes into view. It is wielding a +9 war axe.
You hear a shout!
The Meatlord waves its arms in wide circles.
The air twists around and strikes you!
You die...

....#.)))) ..
###o.........#_.<)_ ...
.##..o.#&..... #.....
....#........#1......._..
....#.......o........###.
.........o.oo...###.. ..
.........Ooo..... #.. .
........oooo......#... .
.......O@#)..............
.......)#.#.#............
.......)o#.#.............
..###..)#.#.#............
##...#)#.....#.......
#..)).))............
.....##....)..##.#.o...
#.... ##...............
####......####....#....


You could see The Meatlord, a Tzitzimitl, 2 large bags of meat and 12 bags of
meat.

Vanquished Creatures
  3 vampire knights (D)
  17 ogres (D)
  A two-headed ogre (D)
  95 orcs (D)
116 creatures vanquished.

Notes
Turn   | Place    | Note
-------+----------+-------------------------------------------
     0 | D        | Found the +∞ Axe of Woe
     0 | D        | Gingerlord the Gargoyle Fighter began the quest for the
                  | Orb.
     0 | D        | Reached XP level 1. HP: 14/14 MP: 1/1
     1 | D        | Noticed a bag of meat
     1 | D        | Noticed a bag of meat
     3 | D        | Noticed a bag of meat
     4 | D        | Noticed a bag of meat
     4 | D        | Noticed a bag of meat
     9 | D        | Became a worshipper of Makhleb the Destroyer
    11 | D        | Killed a bag of meat
    11 | D        | Reached XP level 2. HP: 37/37 MP: 2/2
    11 | D        | Reached XP level 3. HP: 42/42 MP: 3/3
    11 | D        | Reached XP level 4. HP: 48/48 MP: 4/4
    11 | D        | Reached XP level 5. HP: 53/53 MP: 5/5
    11 | D        | Reached XP level 6. HP: 59/59 MP: 6/6
    11 | D        | Reached XP level 7. HP: 64/64 MP: 7/7
    11 | D        | Reached XP level 8. HP: 69/69 MP: 8/8
    11 | D        | Reached XP level 9. HP: 75/75 MP: 9/9
    11 | D        | Reached XP level 10. HP: 80/80 MP: 10/10
    11 | D        | Reached XP level 11. HP: 85/85 MP: 11/11
    11 | D        | Reached XP level 12. HP: 91/91 MP: 12/12
    11 | D        | Killed a bag of meat
    11 | D        | Reached * piety under Makhleb
    11 | D        | Reached skill level 5 in Axes
    11 | D        | Reached skill level 10 in Unarmed Combat
    11 | D        | Reached XP level 13. HP: 100/100 MP: 13/13
    11 | D        | Noticed a meat berserker
    12 | D        | Killed a bag of meat
    12 | D        | Gained mutation: Your large and strong wings let you fly
                  | indefinitely. [Gargoyle growth]
    12 | D        | Reached XP level 14. HP: 110/110 MP: 14/14
    12 | D        | Noticed a bag of meat
    13 | D        | Killed a bag of meat
    13 | D        | Killed a bag of meat
    13 | D        | Reached ** piety under Makhleb
    13 | D        | Reached XP level 15. HP: 119/119 MP: 15/15
    14 | D        | Killed a meat berserker
    14 | D        | Reached XP level 16. HP: 120/129 MP: 16/16
    15 | D        | Noticed a meat berserker
    18 | D        | Reached *** piety under Makhleb
    19 | D        | Reached skill level 27 in Fighting
    19 | D        | Reached skill level 15 in Axes
    19 | D        | Reached skill level 27 in Armour
    19 | D        | Reached skill level 27 in Shields
    19 | D        | Reached XP level 17. HP: 139/139 MP: 17/17
    19 | D        | Reached **** piety under Makhleb
    19 | D        | Killed a meat berserker
    19 | D        | Reached XP level 18. HP: 145/145 MP: 18/18
    24 | D        | Reached skill level 27 in Axes
    25 | D        | Reached ***** piety under Makhleb
    25 | D        | Reached XP level 19. HP: 151/151 MP: 19/19
    25 | D        | Reached skill level 27 in Unarmed Combat
    29 | D        | Reached skill level 10 in Invocations
    31 | D        | Noticed a meat berserker
    34 | D        | Reached skill level 10 in Dodging
    36 | D        | Killed a meat berserker
    36 | D        | Reached skill level 15 in Invocations
    36 | D        | Reached XP level 20. HP: 157/157 MP: 20/37
    36 | D        | Reached skill level 15 in Throwing
    36 | D        | Reached skill level 15 in Spellcasting
    37 | D        | Reached ****** piety under Makhleb
    37 | D        | Reached skill level 15 in Dodging
    37 | D        | Reached XP level 21. HP: 163/163 MP: 21/42
    40 | D        | Reached XP level 22. HP: 169/169 MP: 21/45
    43 | D        | Reached skill level 27 in Dodging
    60 | D        | Noticed a destroyer
    62 | D        | Killed a destroyer
    62 | D        | Reached skill level 27 in Stealth
    62 | D        | Reached skill level 27 in Invocations
    62 | D        | Reached XP level 23. HP: 175/175 MP: 27/50
    77 | D        | Reached skill level 27 in Throwing
    77 | D        | Reached skill level 27 in Spellcasting
    78 | D        | Reached XP level 24. HP: 181/181 MP: 32/54
    82 | D        | Reached XP level 25. HP: 187/187 MP: 33/54
    88 | D        | Noticed a large bag of meat
    90 | D        | Noticed a destroyer
    94 | D        | Reached XP level 26. HP: 193/193 MP: 37/54
    95 | D        | Killed a large bag of meat
    97 | D        | Reached XP level 27. HP: 199/199 MP: 38/54
    99 | D        | Killed a destroyer
   151 | D        | Noticed a destroyer
   155 | D        | Killed a destroyer
   158 | D        | Noticed a large bag of meat
   158 | D        | Noticed a large bag of meat
   172 | D        | Noticed a large bag of meat
   181 | D        | Noticed The Meatlord
   183 | D        | Killed from afar by The Meatlord

Skill      XL: |  1  2  3  4  5  6  7  8  9 10 11 12 13 14 15 16 17 18 19 20 21 22 23 |
---------------+----------------------------------------------------------------------+-----
Fighting       | 17 19 21 23 25 27 | 27.0
Axes           | 3 5 7 9 11 15 24 27 | 27.0
Armour         | 17 19 20 23 24 27 | 27.0
Shields        | 16 19 20 23 24 27 | 27.0
Unarmed Combat | 9 10 11 12 13 14 19 25 27 | 27.0
Throwing       | 13 17 19 24 27 | 27.0
Dodging        | 12 16 23 27 | 27.0
Stealth        | 17 21 24 27 | 27.0
Spellcasting   | 13 17 19 23 27 | 27.0
Invocations    | 15 20 22 27 | 27.0

Action                   |  1- 3 |  4- 6 |  7- 9 | 10-12 | 13-15 | 16-18 | 19-21 | 22-24 | 25-27 || total
-------------------------+-------+-------+-------+-------+-------+-------+-------+-------+-------++-------
Melee: Executioner's axe |     1 |       |       |       |     3 |     5 |     7 |    10 |    40 ||    66
Invok: Greater Servant o |       |       |       |       |       |       |       |       |     1 ||     1
Armor: Scale mail        |       |       |       |       |     1 |       |     1 |       |     5 ||     7
Dodge: Dodged            |       |       |       |       |       |       |     1 |     1 |    10 ||    12
